[Event "MCR zen 2022"]
[Site "Hotel Opera, Jaromerice nad Rokytnou, Czech Republic"]
[Date "????.??.??"]
[Round "8.1"]
[White "Pilsova, Karolina"]
[Black "Lhotska, Anna"]
[Result "1-0"]
[TimeControl "90 min/40 moves + 30 min + 30s/move"]
[WhiteElo "2229"]
[BlackElo "2029"]

1. e4 c5 2. Nf3 d6 3. Bb5+ Nd7 4. O-O a6 5. Bd3 Ngf6 6. Re1 g6 7. c3 Bg7 8. Bc2 O-O 9. d4 e5 10.
a4 Rb8 11. a5 Qc7 12. h3 b5 13. axb6 Nxb6 14. Nbd2 Nh5 15. Nf1 cxd4 16. cxd4 exd4 17. Re2 d5 18. e5 Nc4 19. g4 Nxe5 20.
Nxe5 Bxe5 21. gxh5 Bxh3 22. Qe1 Bd6 23. Bh6 Qd7 24. f3 Rfc8 25. Bd3 Kh8 26. Qh4 Bf8 27. Qf6+ Kg8 28. Bxf8 Rxf8 29.
h6 Rfe8 30. Qg7# 1-0

[Event "MCR zen 2022"]
[Site "Hotel Opera, Jaromerice nad Rokytnou, Czech Republic"]
[Date "????.??.??"]
[Round "8.2"]
[White "Sikorova, Olga"]
[Black "Petrova, Kristyna"]
[Result "1-0"]
[TimeControl "90 min/40 moves + 30 min + 30s/move"]
[WhiteClock "00:06:50"]
[BlackClock "00:11:18"]
[WhiteElo "2173"]
[BlackElo "2264"]

1. Nf3 c5 2. c4 Nc6 3. Nc3 g6 4. e3 Nf6 5. d4 cxd4 6. exd4 d5 7. Bg5 Be6 8. Bxf6 exf6 9. c5 Bg7 10.
Bb5 O-O 11. Bxc6 bxc6 12. O-O Bg4 13. h3 Bxf3 14. Qxf3 Rb8 15. b3 f5 16. Rfd1 Qh4 17. Ne2 Rfe8 18. Rd3 Re4 19. Rad1 Rbe8 20.
R3d2 h5 21. b4 Qe7 22. Nc3 Re1+ 23. Kh2 h4 24. Rxe1 Qxe1 25. Rd1 Qe6 26. b5 cxb5 27. Qxd5 b4 28. Qxe6 fxe6 29. Nb5 a5 30.
c6 Rc8 31. c7 a4 32. g3 hxg3+ 33. fxg3 b3 34. axb3 axb3 35. Rb1 Bxd4 36. Nxd4 Rxc7 37. Rxb3 e5 38. Nf3 Rc2+ 39. Kg1 e4 40.
Nh4 Rc6 41. Rb7 Rf6 42. Rb5 Kg7 43. Ng2 Kh6 44. h4 Ra6 45. Kh2 Rc6 46. Kh3 Ra6 47. Nf4 Rf6 48. Re5 Ra6 49. Re6 Rxe6 50.
Nxe6 Kh5 51. Nd4 Kh6 52. g4 fxg4+ 53. Kxg4 e3 54. Ne2 Kg7 55. Kg5 Kh7 56. Ng3 Kg7 57. Kf4 Kh6 58. Kxe3 g5 59. h5 Kg7 60. Ke4 Kf6 61.
Kf3 Kg7 62. Kg4 Kh6 63. Ne4 Kg7 64.
Nd6 Kh6 65. Nf5+ Kh7 66. Kxg5 Kh8 67. Kg6 Kg8 68. Nd6 Kh8 69. h6 Kg8 70. h7+ 1-0

[Event "MCR zen 2022"]
[Site "Hotel Opera, Jaromerice nad Rokytnou, Czech Republic"]
[Date "????.??.??"]
[Round "8.3"]
[White "Novosadova, Kristyna"]
[Black "Nemcova, Karin"]
[Result "1-0"]
[TimeControl "90 min/40 moves + 30 min + 30s/move"]
[WhiteElo "2147"]
[BlackElo "2181"]

1. e4 d5 2. exd5 Qxd5 3. Nc3 Qa5 4. d4 Nf6 5. Bd2 Bg4 6. Nf3 e6 7. h3 Bxf3 8. Qxf3 Nc6 9. Nb5 Qb6 10.
a4 a5 11. O-O-O Nb4 12. c4 c6 13. c5 Qd8 14. Bf4 cxb5 15. Qxb7 Be7 16. Bxb5+ Kf8 17. Bc7 Qd5 18. c6 Qb3 19.
Qxa8+ Ne8 20. Kd2 Bg5+ 21. Ke2 Qc2+ 22. Ke1 g6 23. Bxa5 Qe4+ 24. Kf1 Nd5 25. Be2 Kg7 26. Qa6 Nf4 27.
Bf3 Qc2 28. Qb5 Nd5 29. Qc5 Qxb2 30. c7 Bh4 31. Be2 Nexc7 32. Bxc7 Nc3 33. Re1 Ra8 34. Be5+ f6 35. Qe7+ 1-0

[Event "MCR zen 2022"]
[Site "Hotel Opera, Jaromerice nad Rokytnou, Czech Republic"]
[Date "????.??.??"]
[Round "8.4"]
[White "Koubova, Anna Marie"]
[Black "Zelbova, Lada"]
[Result "1/2-1/2"]
[TimeControl "90 min/40 moves + 30 min + 30s/move"]
[WhiteElo "2115"]
[BlackElo "1967"]

1. d4 Nf6 2. c4 e6 3. g3 Bb4+ 4. Bd2 Qe7 5. Bg2 Nc6 6. e3 d5 7. Nc3 Bxc3 8. Bxc3 dxc4 9. Nf3 O-O 10.
O-O Bd7 11. Re1 Nd5 12. Rc1 b5 13. e4 Nxc3 14. Rxc3 Nb4 15. a3 Nd3 16. Re2 e5 17. Nxe5 Nxe5 18. dxe5 Rad8 19. Rd2 Bg4 20.
f3 Bc8 21. f4 Bg4 22. Bf3 Bxf3 23. Rxf3 Rxd2 24. Qxd2 Rd8 25. Qe2 h6 26. Rf1 Qc5+ 27. Kg2 Rd3 28. Qg4 Rd2+ 29. Kh3 Qe7 30.
Rd1 Rxd1 31. Qxd1 Kh7 32. Qd4 a6 33. Kg2 Kg8 34. Qd5 c3 35. bxc3 Qxa3 36. Qd8+ Kh7 37. Qxc7 Qb2+ 38. Kh3 Qb3 39.
Qa5 Qa4 40. Qc7 Qc4 41. Qa7 Qe6+ 42. Kg2 Qc4 43. Kh3 Qe6+ 44. f5 Qc4 45. Qxa6 1/2-1/2

[Event "MCR zen 2022"]
[Site "Hotel Opera, Jaromerice nad Rokytnou, Czech Republic"]
[Date "????.??.??"]
[Round "8.5"]
[White "Trasakova, Adela"]
[Black "Richterova, Natasa"]
[Result "0-1"]
[TimeControl "90 min/40 moves + 30 min + 30s/move"]
[WhiteElo "1842"]
[BlackElo "2181"]

1. d4 Nf6 2. Nf3 e6 3. g3 b6 4. Bg2 Bb7 5. O-O c5 6. dxc5 bxc5 7. c4 Be7 8. Nc3 O-O 9. Bf4 d6 10.
Qb3 Qc8 11. Rfd1 Rd8 12. Rd2 Nc6 13. Rad1 Ne8 14. e4 e5 15. Be3 Rb8 16. Nd5 Qe6 17. Qc3 Rdc8 18. b3 Bd8 19. Qd3 Nd4 20.
Qf1 Bxd5 21. exd5 Nxf3+ 22. Bxf3 Qg6 23. Bg2 Ba5 24. Re2 f5 25. Bd2 Bxd2 26. Rdxd2 Nf6 27. f4 e4 28. Qe1 Rb4 29.
Re3 Ng4 30. Rc3 Qf6 31. Rcc2 Rcb8 32. Qe2 Qg6 33. Rc3 a5 34. Rb2 Qf6 35. h3 Qxc3 36. hxg4 Qxg3 37. gxf5 Qxf4 38. Rb1 Qxf5 39.
Rf1 Qg6 40. Kh2 Rf8 41. Rxf8+ Kxf8 42. Bxe4 Qh6+ 43. Kg1 Qg5+ 44. Kh1 Rb7 0-1